 Dungeon Crawl Stone Soup version 0.28-a0-723-g095bd1b44f (webtiles) character file.

Game seed: 17251275907807753773

0 BlueGoblin the Cutter (level 1, 0/11 HPs)
             Began as a Vine Stalker Monk on Oct 26, 2021.
             Slain by a quokka (3 damage)
             ... on level 1 of the Dungeon.
             The game lasted 00:00:19 (45 turns).

BlueGoblin the Cutter (Vine Stalker Monk)             Turns: 45, Time: 00:00:20

Health: 0/11       AC:  2    Str: 13    XL:     1   Next: 10%
Magic:  0/2        EV: 12    Int: 10    God:
Gold:   0          SH:  0    Dex: 16    Spells: 0/0 levels left

rFire   . . .      SeeInvis .   a - +0 short sword
rCold   . . .      Faith    .   (no shield)
rNeg    . . .      Spirit   +   b - +0 robe
rPois   .          Reflect  .   (no helmet)
rElec   .          Harm     .   (no cloak)
rCorr   .          Rampage  .   (no gloves)
Will    .....                   (no boots)
Stlth   ++........              (no amulet)
HPRegen 0.03/turn               (no ring)
MPRegen 0.08/turn               (no ring)

@: no status effects
A: fangs 2, magic shield, antimagic bite, no potion heal 2
a: no special abilities


You were on level 1 of the Dungeon.
You visited 1 branch of the dungeon, and saw 1 of its levels.

Inventory:

Hand Weapons
 a - a +0 short sword (weapon)
Armour
 b - a +0 robe (worn)


   Skills:
 - Level 2.6 Fighting
 - Level 2.6 Short Blades
 + Level 2.4 Dodging
 - Level 2.4 Stealth


You couldn't memorise any spells.
You didn't know any spells.
Your spell library was empty.

Dungeon Overview and Level Annotations

Branches:
Dungeon (1/15)

Altars:

Shops:
D:1 *


Innate Abilities, Weirdness & Mutations

You have extremely sharp teeth.
When hurt, damage is shared between your health and your magic reserves.
Your bite disrupts and absorbs the magic of your enemies.
Potions cannot restore your health.


Message History

The ball python bites you. The ball python closely misses you.
The gnoll barely misses you.
You hit the gnoll. You bite the gnoll. You drain its power.
The gnoll is moderately wounded.
The ball python bites you but does no damage.
The ball python grabs you. The ball python constricts you.
The gnoll hits you with a +0 club.
You hit the ball python but do no damage.
You bite the ball python. You drain its power.
You feel invigorated.
The ball python is severely wounded.
The bat barely misses you. The quokka barely misses you.
The ball python barely misses you. The ball python constricts you.
The gnoll closely misses you.
You hit the ball python.
You kill the ball python!
The quokka misses you. The bat closely misses you.
The gnoll closely misses you.
The quokka bites you but does no damage.
The bat closely misses you.
You closely miss the bat. Your bite misses the bat.
The bat completely misses you. The quokka completely misses you.
The gnoll barely misses you. The bat closely misses you.
The bat closely misses you. The bat hits you but does no damage.
The bat hits you but does no damage.
There is an open door here.
The quokka completely misses you.
You completely miss the quokka. You bite the quokka, but do no damage.
The quokka bites you but does no damage.
You barely miss the quokka. Your bite misses the quokka. The quokka bites you.
You hit the quokka. Your bite misses the quokka.
The quokka is moderately wounded.
The quokka bites you.
* * * LOW HITPOINT WARNING * * *
You are too injured to fight recklessly!
You are too injured to fight recklessly!
You hit the quokka.
The quokka is almost dead.
The quokka bites you.
You die...

###.#.#.# #..∩..#.#
###.#.#.#.# #
#...#...#.## .#
#######+#.gb.....#..#
#.....+.'.#.g.......##
#.##'##g###[.........#
#.#.<.#r# ##..........
#.#...#@# #.#........
#.##+##.# #..........
#.......# #####......
######### ######


You could see a gnoll and a quokka.

Vanquished Creatures
  A ball python (D:1)
1 creature vanquished.

Notes
Turn   | Place    | Note
-------+----------+-------------------------------------------
     0 | D:1      | BlueGoblin the Vine Stalker Monk began the quest for the
                  | Orb.
     0 | D:1      | Reached XP level 1. HP: 11/11 MP: 2/2
    22 | D:1      | Found Kikarytus's Assorted Antiques.
    45 | D:1      | Slain by a quokka

Illustrated notes

Levels and vault maps discovered:
D:1:      ncdulo_smallfort, layout_loops_ring, serial_shops,
          nicolae_square_shop, nicolae_shop_crystal, nicolae_shop_trees,
          basic_ecumenical_altar

Action                   || total
-------------------------++-------
Melee: Short sword       ||     9
       Bite              ||     3
Armor: Robe              ||     5
Dodge: Dodged            ||    16

Table legend: (Time is in decaauts)
 A = Elapsed time spent in this place.
 B = Non-inter-level travel time spent in this place.
 C = Inter-level travel time spent in this place.
 D = Time resting spent in this place.
 E = Time spent auto-exploring this place.
 F = Levels seen in this place.
 G = Mean time per level.
                   A        B        C        D        E       F      G
               +--------+--------+--------+--------+--------+-----+--------+
         Total |     44 |     44 |      0 |      0 |     22 |   1 |   44.0 |
       Dungeon |     44 |     44 |      0 |      0 |     22 |   1 |   44.0 |
               +--------+--------+--------+--------+--------+-----+--------+

Top non-repeatable levels by time:
     D:1: 44 daAuts
